 Dungeon Crawl Stone Soup version 0.29-a0-330-g52719c12eb (webtiles) character file.

Game seed: 13341260108420546300

855491 Antichthon the Ninja (level 27, -1/142 HPs)
             Began as a Spriggan Enchanter on Apr 7, 2022.
             Was the Champion of Dithmenos.
             Slain by an Executioner (25 damage)
             ... led by Gloorx Vloq
             ... in Pandemonium on Apr 12, 2022.
             The game lasted 13:17:42 (103496 turns).

Antichthon the Ninja (Spriggan Enchanter)         Turns: 103496, Time: 13:17:42

Health: -1/142     AC:  8    Str: 17      XL:     27
Magic:  44/44      EV: 51    Int: 12 (16) God:    Dithmenos [******]
Gold:   5515       SH: 16    Dex: 33      Spells: 9/69 levels left

rFire   . . .      SeeInvis +   B - +9 quick blade (venom)
rCold   + + +      Faith    .   D - +3 buckler "Emehao" {rF- rN++ Regen+ Int+2}
rNeg    + + +      Spirit   .   F - +2 robe {rF+}
rPois   +          Reflect  .   z - +4 hat of Dyhuyw {Fly}
rElec   +          Harm     .   C - scarf {rC+ rF+}
rCorr   .          Rampage  .   (gloves unavailable)
Will    +++++                   (boots unavailable) Stlth ####******
                                t - amulet of Sloth {Acrobat rC+ Str+5 Dex+4 Stlth+}
HPRegen 1.13/turn               W - ring "Fetzeafekk" {Drain rN+ Will+ Dex+3 Stlth+}
MPRegen 0.29/turn               u - ring "Forget-Me-Not" {rElec rF- rC+ Str+6 SInv}

@: flayed, flying, wreathed by umbra, studying 2 skills, very quick
A: very small, no large weapons, unfitting armour, see invisible, speed 3,
clumsy 1, dopey 2, low MP 1, poison resistance, strong 1
}: 10/15 runes: serpentine, barnacled, slimy, silver, abyssal, demonic, glowing,
magical, fiery, dark
a: Renounce Religion, Shadow Step, Shadow Form


You were in Pandemonium.
You worshipped Dithmenos.
Dithmenos was exalted by your worship.
You visited 12 branches of the dungeon, and saw 53 of its levels.
You visited Pandemonium 1 time, and saw 20 of its levels.
You visited the Abyss 1 time.
You visited 1 bazaar.
You also visited: Trove, Bailey and Gauntlet.

You collected 11823 gold pieces.
You spent 6308 gold pieces at shops.

Inventory:

Hand Weapons
 a - the +6 dagger of Bel Jeorerch {freeze, Dex+6}
   (You bought it in a shop on level 2 of the Orcish Mines)

   It freezes those it strikes, dealing additional cold damage.
   It can also slow down cold-blooded creatures.
   Dex:       It affects your dexterity (+6).
 b - the +8 hunting sling "Bium Ore" {speed, rN+++ Str-3 Dex+5 Stlth+}
   (You found it in Pandemonium)

   Attacks with this weapon are significantly faster.
   Str:       It affects your strength (-3).
   Dex:       It affects your dexterity (+5).
   rN:        It renders you almost immune to negative energy.
   Stlth:     It makes you more stealthy.
 c - a +9 quick blade of flaming
 B - a +9 quick blade of venom (weapon)
Armour
 z - the +4 hat of Dyhuyw (worn) {Fly}
   (You acquired it on level 5 of the Vaults)

   Fly:       It grants you flight.
 A - the +2 hat of Disguise {-Tele Rampage Int+9 Dex+3}
   (You found it in a Gauntlet)

   Int:       It affects your intelligence (+9).
   Dex:       It affects your dexterity (+3).
   -Tele:     It prevents most forms of teleportation.
   Rampage:   It bestows one free step when moving towards enemies.
 C - a scarf of resistance (worn)
 D - the +3 buckler "Emehao" (worn) {rF- rN++ Regen+ Int+2}
   (You acquired it on level 5 of the Vaults)

   Int:       It affects your intelligence (+2).
   rF:        It makes you vulnerable to fire.
   rN:        It greatly protects you from negative energy.
   Regen:     It increases your rate of health regeneration.
 F - a +2 robe of fire resistance (worn)
 X - the +3 warlock's mirror {reflect}
   (You acquired it in Pandemonium)

   It can block and reflect piercing ranged attacks and magical attacks against
   the wielder's willpower.
Jewellery
 l - the ring of Hepliaklqana's Scorn {Fly rC+ MP+9}
   (You took it off a kobold demonologist on level 12 of the Dungeon)

   [ring of flight]

   rC:        It protects you from cold.
   MP:        It affects your magic capacity (+9).
   Fly:       It grants you flight.
 o - the ring of Yredelemnul's Envy {rPois SInv Stlth+}
   (You found it in Pandemonium)

   [ring of see invisible]

   rPois:     It protects you from poison.
   SInv:      It lets you see invisible.
   Stlth:     It makes you more stealthy.
 t - the amulet of Sloth (around neck) {Acrobat rC+ Str+5 Dex+4 Stlth+}
   (You found it in a treasure trove)

   [amulet of the acrobat]

   It increases your evasion while moving and waiting.
   Str:       It affects your strength (+5).
   Dex:       It affects your dexterity (+4).
   rC:        It protects you from cold.
   Stlth:     It makes you more stealthy.
 u - the ring "Forget-Me-Not" (right hand) {rElec rF- rC+ Str+6 SInv}
   (You took it off a skeletal warrior on level 3 of the Crypt)

   [ring of strength]

   Str:       It affects your strength (+6).
   rF:        It makes you vulnerable to fire.
   rC:        It protects you from cold.
   rElec:     It insulates you from electricity.
   SInv:      It lets you see invisible.
 v - the ring "Jureasin" {Str+5 Dex+6}
   (You found it in a treasure trove)

   [ring of dexterity]

   Str:       It affects your strength (+5).
   Dex:       It affects your dexterity (+6).
 J - the ring of Grace {rPois rC+ rCorr Int+3 Dex-5}
   (You found it in a treasure trove)

   [ring of protection from cold]

   Int:       It affects your intelligence (+3).
   Dex:       It affects your dexterity (-5).
   rC:        It protects you from cold.
   rPois:     It protects you from poison.
   rCorr:     It protects you from acid and corrosion.
 S - the amulet of the Four Winds {rN+ Will+++ Clar}
   (You found it on level 2 of the Vaults)

   [amulet of nothing]

   rN:        It protects you from negative energy.
   Clar:      It protects you against confusion.
   Will:      It greatly increases your willpower.
 W - the ring "Fetzeafekk" (left hand) {Drain rN+ Will+ Dex+3 Stlth+}
   (You found it on level 3 of the Crypt)

   [ring of positive energy]

   Dex:       It affects your dexterity (+3).
   rN:        It protects you from negative energy.
   Drain:     It drains your maximum health when unequipped.
   Will:      It increases your willpower.
   Stlth:     It makes you more stealthy.
 Z - the ring of Avizest {rF+ rC+ rCorr Str+5 Int-5}
   (You found it on level 5 of the Pits of Slime)

   [ring of protection from cold]

   Str:       It affects your strength (+5).
   Int:       It affects your intelligence (-5).
   rF:        It protects you from fire.
   rC:        It protects you from cold.
   rCorr:     It protects you from acid and corrosion.
Wands
 x - a wand of flame (97)
 L - a wand of acid (29)
 M - a wand of iceblast (55) (quivered)
 O - a wand of paralysis (7)
 R - a wand of polymorph (38)
 T - a wand of digging (9)
 V - a wand of mindburst (34)
 Y - a wand of charming (9)
Scrolls
 i - 5 scrolls of silence
 k - 9 scrolls of holy word
 m - 12 scrolls of vulnerability
 p - 5 scrolls of blinking
 q - 14 scrolls of teleportation
 r - 9 scrolls of magic mapping
 s - 10 scrolls of amnesia
 H - 7 scrolls of fear
 I - 3 scrolls of summoning
 N - 9 scrolls of immolation
 P - 4 scrolls of torment
 Q - 17 scrolls of fog
Potions
 d - 7 potions of invisibility
 e - 5 potions of resistance
 f - a potion of flight
 g - 10 potions of brilliance
 h - 9 potions of haste
 j - 5 potions of attraction
 n - 14 potions of lignification
 w - 5 potions of magic
 y - a potion of mutation
 E - 7 potions of cancellation
 G - 7 potions of might
 K - 8 potions of curing
 U - 4 potions of berserk rage


   Skills:
 + Level 13.9 Fighting
 O Level 27 Short Blades
 * Level 4.3 Slings
 + Level 22.3 Dodging
 O Level 27 Stealth
 + Level 14.0 Shields
 + Level 21.6 Spellcasting
 + Level 23.9 Hexes
 - Level 3.8 Translocations
 - Level 1.4 Ice Magic
 * Level 1.4 Invocations


You had 9 spell levels left.
You knew the following spells:

 Your Spells              Type           Power      Damage    Failure   Level
a - Ensorcelled Hibernat  Hex/Ice        86%        N/A       1%          2
b - Blink                 Tloc           44%        N/A       1%          2
c - Confusing Touch       Hex            63%        N/A       0%          3
d - Dazzling Flash        Conj/Hex       82%        N/A       1%          3
e - Tukima's Dance        Hex            63%        N/A       0%          3
f - Lesser Beckoning      Tloc           22%        N/A       3%          3
g - Apportation           Tloc           44%        N/A       1%          1
h - Summon Mana Viper     Hex/Summ       41%        N/A       1%          5
i - Anguish               Hex/Necr       20%        N/A       1%          4
j - Enfeeble              Hex            31%        N/A       1%          7
k - Yara's Violent Unrav  Hex/Tmut       20%        3d9       1%          5
l - Inner Flame           Hex/Fire       41%        N/A       1%          3
m - Summon Guardian Gole  Hex/Summ       41%        N/A       1%          3
n - Cause Fear            Hex            31%        N/A       0%          4
o - Portal Projectile     Hex/Tloc       92%        N/A       1%          3
p - Silence               Hex/Air        20%        N/A       1%          5
q - Leda's Liquefaction   Hex/Erth       20%        N/A       1%          4

Your spell library contained the following spells:

 Spells                   Type           Power      Damage    Failure   Level
 Gell's Gravitas          Tloc           22%        N/A       3%          3
 Teleport Other           Tloc           22%        N/A       3%          3
 Animate Skeleton         Necr           24%        N/A       5%          1
 Foxfire                  Conj/Fire      48%        2x1d6     5%          1
 Magic Dart               Conj           48%        1d5       5%          1
 Pain                     Necr           48%        1d6       5%          1
 Shock                    Conj/Air       48%        1d6       5%          1
 Summon Small Mammal      Summ           48%        N/A       5%          1
 Call Imp                 Summ           12%        N/A       9%          2
 Corpse Rot               Necr/Air       24%        N/A       9%          2
 Scorch                   Fire           24%        2d6       9%          2
 Sublimation of Blood     Necr           12%        N/A       9%          2
 Wereblood                Tmut           12%        N/A       9%          2
 Ozocubu's Armour         Ice            16%        N/A       9%          3
 Call Canine Familiar     Summ           12%        N/A       16%         3
 Conjure Flame            Conj/Fire      12%        6-21      16%         3
 Ignite Poison            Fire/Tmut/Pois 12%        N/A       16%         3
 Mephitic Cloud           Conj/Pois/Air  12%        N/A       16%         3
 Stone Arrow              Conj/Erth      24%        3d8       16%         3
 Manifold Assault         Tloc           22%        N/A       30%         5
 Hailstorm                Conj/Ice       14%        3d5       36%         4
 Animate Armour           Summ/Erth      24%        N/A       47%         4
 Dispel Undead            Necr           12%        3d9       47%         4
 Flame Wave               Conj/Fire      12%        2d6       47%         4
 Sticky Flame             Conj/Fire      12%        2d4       47%         4
 Summon Forest            Summ/Tloc      8%         N/A       56%         5
 Freezing Cloud           Conj/Ice/Air   7%         6-21      77%         5
 Agony                    Necr           12%        N/A       83%         5
 Alistair's Intoxication  Tmut/Pois      8%         N/A       83%         5
 Borgnjor's Vile Clutch   Necr/Erth      6%         N/A       83%         5
 Excruciating Wounds      Necr           6%         N/A       83%         5
 Fireball                 Conj/Fire      6%         3d5       83%         5
 Iskenderun's Battlesphe  Conj           12%        2d7       83%         5
 Lee's Rapid Deconstruct  Erth           6%         3d7*      83%         5
 Conjure Ball Lightning   Conj/Air       6%         3x3d6     100%        6
 Death Channel            Necr           6%         N/A       100%        6
 Eringya's Noxious Bog    Tmut/Pois      6%         N/A       100%        6
 Iron Shot                Conj/Erth      6%         9d2       100%        6
 Starburst                Conj/Fire      6%         6d4       100%        6
 Statue Form              Tmut/Erth      8%         N/A       100%        6
 Summon Cactus Giant      Summ           6%         N/A       100%        6
 Dragon Form              Tmut           6%         N/A       100%        7
 Haunt                    Necr/Summ      6%         N/A       100%        7
 Malign Gateway           Summ/Tloc      8%         N/A       100%        7
 Orb of Destruction       Conj           6%         9d6       100%        7
 Ozocubu's Refrigeration  Ice            8%         4d6       100%        7
 Spellforged Servitor     Conj/Summ      6%         N/A       100%        7
 Storm Form               Tmut/Air       6%         N/A       100%        7
 Summon Hydra             Summ           6%         N/A       100%        7
 Ignition                 Fire           6%         3d4       100%        8
 Infestation              Necr           6%         N/A       100%        8
 Lehudib's Crystal Spear  Conj/Erth      6%         10d3      100%        8
 Summon Horrible Things   Summ           6%         N/A       100%        8
 Chain Lightning          Conj/Air       6%         3d8       100%        9
 Dragon's Call            Summ           6%         N/A       100%        9
 Fire Storm               Conj/Fire      6%         8d2       100%        9
 Shatter                  Erth           6%         3d9*      100%        9


Dungeon Overview and Level Annotations

Branches:
Dungeon (15/15)            Temple (1/1) D:4            Lair (6/6) D:10
 Shoals (4/4) Lair:2        Snake (4/4) Lair:2        Slime (5/5) Lair:5
    Orc (2/2) D:12            Elf (3/3) Orc:2        Vaults (5/5) D:13
  Crypt (3/3) Vaults:3       Tomb (0/3) Crypt:3      Depths (4/4) D:15
   Hell (visited)             Dis (0/7) Hell            Geh (0/7) Hell
    Coc (0/7) Hell            Tar (0/7) Hell            Zot (0/5) Depths:4
 Bailey (visited)         Gauntlet (visited)

Altars:
Ashenzari
Dithmenos
Elyvilon
Hepliaklqana
Makhleb
Okawaru
Qazlal
Ru
Trog
The Shining One
Jiyva
Lugonu

Shops:
D:2 ?   D:4 [   D:10 (   D:11 [   D:14 ??*(*   D:15 (:   Orc:1 (   Orc:2 *((*
Shoals:3 :   Shoals:4 =   Snake:2 *   Snake:4 :=:   Vaults:2 *
Vaults:5 =[?????=??   Depths:1 *

Portals:
Hell: Lair:6 Depths:1 Depths:2 Depths:3 Depths:4
Abyss: Depths:1 Depths:3
Pandemonium: Depths:1 Depths:2 Depths:3 Depths:4
Ziggurat: Depths:3

Annotations:
D:5 Pikel
Vaults:2 Budghuxen's ghost, veteran HOFi


Innate Abilities, Weirdness & Mutations

You are very small and have problems with some larger weapons.
You are too small for most types of armour.
You have supernaturally acute eyesight. (SInv)
You cover ground extremely quickly. (Speed+++)
You are clumsy. (Dex -2)
You are very dopey. (Int -4)
Your magical capacity is low. (-10% MP)
Your system is resistant to poisons. (rPois)
Your muscles are strong. (Str +2)


Message History

You puncture the Executioner! You freeze the Executioner.
The Executioner is heavily wounded.
The Executioner completely misses you. You block the Executioner's attack.
The Executioner completely misses you.
The +6 dagger of Bel Jeorerch {freeze, Dex+6} stops glowing.
Your +9 quick blade of venom begins to drip with poison!
B - a +9 quick blade of venom (weapon)
The Executioner hits you!! The Executioner closely misses you.
The Executioner barely misses you. You block the Executioner's attack.
The Executioner barely misses you. You block the Executioner's attack.
You puncture the Executioner!
The Executioner is severely wounded.
You block the Executioner's attack. x2; The Executioner hits you.
You hit the Executioner.
The Executioner is poisoned.
The Executioner is severely wounded.
The Executioner hits you!!
* * * LOW HITPOINT WARNING * * *
You block the Executioner's attack. The Executioner completely misses you.
You puncture the Executioner!
The Executioner is severely wounded.
You block the Executioner's attack. The Executioner misses you.
You block the Executioner's attack.
You hit the Executioner but do no damage.
The Executioner is severely wounded.
You block the Executioner's attack. The Executioner misses you.
The Executioner completely misses you.
You hit the Executioner.
The Executioner is almost dead.
Your shadow hits the Executioner with a quick blade.
You block the Executioner's attack.
The Executioner hits you but does no damage.
The Executioner completely misses you.
You hit the Executioner.
The Executioner is almost dead.
The Executioner completely misses you. You block the Executioner's attack.
The Executioner completely misses you.
You hit the Executioner but do no damage.
The Executioner is almost dead.
The Executioner hits you!!
You die...

.. ...#
##.
##...
...#....
......
.#..#
#...#
#...#
#1@#
####


You could see an Executioner (fast, very poisoned).

Vanquished Creatures
  the Royal Jelly (Slime:5)
  3 dread liches
  2 ancient liches
  2 juggernauts
  2 pandemonium lords (Pan)
  Vv (Depths:2)
  Frederick (Depths:3)
  2 caustic shrikes (Depths:2)
  Margery (Crypt:3)
  Vashnia (Snake:4)
  Xtahua (Vaults:4)
  Geryon (Hell)
  3 golden dragons
  Jory (Depths:3)
  A bone dragon (Crypt:3)
  A Brimstone Fiend (Pan)
  A shard shrike zombie (Crypt:3)
  7 tentacled monstrosities
  A tainted leviathan (Hell)
  An Ice Fiend (Pan)
  Rupert (Lair:6)
  Jorgrun (Orc:1)
  5 liches
  2 walking earthen tomes
  A walking crystal tome (Depths:3)
  A walking frostbound tome (Depths:4)
  3 deep elf blademasters
  A tentacled starspawn (Abyss:5)
  2 deep elf master archers (Elf:3)
  7 titans
  A kraken (Shoals:3)
  5 sphinxes
  Frances (D:13)
  19 acid blobs
  2 quicksilver dragons (Vaults:5)
  13 Executioners (Pan)
  An ancient champion (Crypt:1)
  2 storm dragons (Vaults:5)
  9 tengu reavers
  A draconian monk (Depths:4)
  6 shadow dragons
  12 frost giants
  8 rockslimes
  A revenant (Vaults:3)
  Donald (Snake:4)
  The ghost of Antichthon the Ninja, an adept SpBr of Dithmenos (Vaults:2)
  A nagaraja (Snake:4)
  21 vault wardens
  8 azure jellies
  The ghost of CowFu the Executioner, a journeyman MiBe of Trog (Snake:1)
  9 balrugs
  2 iron dragons
  Aizul (Shoals:2)
  6 deep elf sorcerers
  A draconian scorcher (Depths:4)
  2 fire giants (Depths:2)
  2 orc warlords
  An angel (Pan)
  14 cacodemons (Pan)
  5 curse skulls
  2 demonspawn blood saints (Pan)
  7 deep elf elementalists (Elf:3)
  4 ghouls (Crypt:1)
  17 ironbound preservers
  16 quicksilver oozes
  An ophan (Abyss:5)
  3 demonspawn corrupters (Pan)
  11 reapers
  3 ironbound thunderhulks
  8 war gargoyles
  3 black draconians (Depths:4)
  4 vampire knights
  19 stone giants
  23 very ugly things
  The ghost of sokol815 the Jinx, a journeyman DsMo of Gozag (Orc:2)
  4 demonspawn black suns (Pan)
  3 putrid mouths
  2 red draconians (Depths:4)
  9 deep elf annihilators
  A caustic shrike skeleton (Crypt:3)
  A white draconian (Depths:4)
  7 deep elf demonologists
  12 dire elephants
  An entropy weaver (Vaults:3)
  5 lorocyprocas (Pan)
  9 spark wasps
  A yellow draconian (Depths:4)
  8 ettins
  The ghost of Roefeuw the Fighter, a journeyman OgHu of Okawaru (Lair:2)
  4 eidola
  4 merfolk javelineers
  A crystal guardian (Vaults:2)
  8 green deaths (Pan)
  5 deep elf death magi
  10 jiangshi
  9 blizzard demons
  3 iron golems (Depths:1)
  9 fire dragons
  3 merfolk impalers (Shoals:4)
  3 deep elf high priests
  10 great orbs of eyes
  7 yaktaur captains
  A spriggan zombie (Crypt:1)
  The ghost of Acazus the Arsonist, a journeyman OpFE of Vehumet (Lair:4)
  23 naga warriors
  A fenstrider witch zombie (Crypt:3)
  A great orb of eyes (shapeshifter) (Vaults:5)
  2 peacekeepers
  4 salamander tyrants (Snake:4)
  8 boulder beetles
  8 ogre magi
  5 ice dragons
  6 rakshasas
  34 vault guards
  10 anacondas
  A caustic shrike simulacrum (Abyss:3)
  9 centaur warriors
  5 merfolk avatars
  11 hydras
  6 spriggan air magi
  3 ironbound frosthearts
  29 two-headed ogres
  3 death knights
  2 hell beasts
  3 alligator snapping turtles
  A spriggan skeleton (Hell)
  8 merfolk aquamancers
  29 dancing weapons
  3 deep troll shamans
  2 satyrs
  13 deep troll earth magi
  9 death yaks
  9 hell hogs
  4 thrashing horrors
  4 vampire magi
  4 spriggan berserkers
  20 naga sharpshooters
  8 shock serpents
  16 soul eaters
  19 deep elf knights
  11 sun demons
  88 slime creatures
  20 hell knights
  A wretched star (Abyss:3)
  9 salamander mystics
  9 iron trolls
  A storm dragon zombie (Hell)
  A titan skeleton (Vaults:3)
  30 skeletal warriors
  18 sea snakes
  6 shadow wraiths
  16 sixfirhies
  5 glowing orange brains
  A flayed ghost (Crypt:2)
  53 deep trolls
  A deep troll (shapeshifter) (D:14)
  A bog body (Crypt:1)
  22 ironbound convokers
  2 lindwurms (shapeshifter)
  2 shadow demons (Pan)
  4 naga ritualists
  A swamp dragon (shapeshifter) (Depths:2)
  16 harpies
  10 wizards
  16 deep elf archers
  8 phantasmal warriors
  An anaconda skeleton (Pan)
  12 necromancers
  11 lindwurms
  An iron giant skeleton (Crypt:3)
  22 deep elf pyromancers
  A harpy (shapeshifter) (Vaults:5)
  14 fauns
  2 orc sorcerers
  48 ugly things
  27 deep elf zephyrmancers
  8 orc knights
  A stone giant zombie (Crypt:1)
  7 shining eyes
  A wolf spider (D:15)
  A worldbinder (Abyss:3)
  10 mana vipers
  5 cyclopes
  2 fauns (shapeshifter) (Vaults:5)
  10 merfolk sirens
  16 manticores
  3 centaur zombies
  28 salamanders
  An elephant (shapeshifter) (Depths:3)
  An ice statue (Hell)
  5 water nymphs
  11 guardian serpents
  A naga zombie (Crypt:1)
  38 black mambas
  8 rust devils
  2 eyes of devastation
  19 vault sentinels
  2 moths of wrath (Lair:4)
  4 elephants
  9 fire giant skeletons (Crypt:3)
  14 orange demons
  A molten gargoyle (Depths:1)
  17 smoke demons
  9 naga magi
  An unseen horror (shapeshifter) (Vaults:5)
  2 unseen horrors
  A torpor snail (Lair:2)
  4 dire elephant skeletons
  16 cane toads
  5 gargoyles
  3 hellions
  2 centaur skeletons (Pan)
  2 minotaur zombies
  10 komodo dragons
  7 freezing wraiths
  4 demonic crawlers
  39 yaktaurs
  3 kobold demonologists
  2 anaconda simulacra (Hell)
  15 ice devils
  3 tengu conjurers
  8 red devils
  2 sea snake zombies (Hell)
  6 rime drakes
  5 hellwings (Pan)
  A purple draconian skeleton (Crypt:1)
  2 yaktaur skeletons (Vaults:3)
  2 wind drakes
  2 alligator snapping turtle skeletons (Crypt:3)
  4 meliai
  An iron troll skeleton (Crypt:1)
  6 trolls
  3 polar bears
  2 hydra zombies
  A harpy zombie (Hell)
  A merfolk (shapeshifter) (Vaults:5)
  3 tarantellas (shapeshifter)
  5 harpy skeletons
  15 merfolk
  A moth of wrath zombie (Crypt:2)
  3 hornets
  A hydra skeleton (Hell)
  A guardian serpent zombie (Crypt:2)
  6 dream sheep
  10 blink frogs
  15 large abominations
  A raiju (shapeshifter) (Elf:1)
  An alligator zombie (Hell)
  A raiju (Abyss:3)
  A jumping spider zombie (Crypt:2)
  A snapping turtle (shapeshifter) (Gauntlet)
  9 snapping turtles
  An ice dragon skeleton (Crypt:1)
  A flying skull (Abyss:3)
  7 ynoxinuls
  A deep troll skeleton (Vaults:3)
  6 shadows
  An air elemental (Elf:1)
  7 fire dragon skeletons (Crypt:3)
  A guardian serpent skeleton (Crypt:2)
  13 water elementals
  29 yaks
  8 vampires
  7 fire elementals
  4 spriggans
  6 basilisks
  A black mamba zombie (Hell)
  A black mamba skeleton (Crypt:1)
  5 fire bats
  9 wyverns
  12 wraiths
  An alligator snapping turtle simulacrum (Crypt:1)
  3 hogs (shapeshifter)
  8 golden eyes (Slime:5)
  A steam dragon (D:7)
  2 redbacks (Vaults:3)
  13 neqoxecs
  13 vampire mosquitoes
  Eustachio (D:5)
  2 harpy simulacra
  Menkaure (D:6)
  6 chaos spawn (Pan)
  53 nagas
  Edmund (D:4)
  2 hydra simulacra (Hell)
  3 wargs
  2 acid dragons
  A floating eye (shapeshifter) (Vaults:5)
  4 hell hounds (Lair:6)
  3 floating eyes
  An ogre skeleton (Vaults:3)
  17 water moccasins
  A sky beast (D:6)
  5 black bears
  28 orc warriors
  3 ice beasts
  A black mamba simulacrum (Hell)
  An ice beast (shapeshifter) (Gauntlet)
  27 ogres
  A swamp dragon zombie (Crypt:1)
  6 wolves
  3 phantoms
  9 centaurs
  A manticore skeleton (Crypt:1)
  5 human skeletons (Vaults:3)
  6 kobold brigands
  2 elf zombies
  11 bullfrogs
  Blork the orc (D:5)
  3 scorpions
  2 earth elementals
  2 necrophages
  5 wights (D:8)
  A shapeshifter zombie (Crypt:2)
  A warg skeleton (Crypt:1)
  3 howler monkeys
  3 electric eels
  4 small abominations
  A quasit (Abyss:2)
  4 hounds
  A jelly (Gauntlet)
  8 orc priests
  3 gnoll shamans
  Jessica (D:3)
  An iguana (D:5)
  14 orc wizards
  6 hell rats (Hell)
  9 adders
  30 gnolls
  6 white imps
  3 worms
  5 dart slugs
  77 orcs
  7 endoplasms
  A giant cockroach (D:1)
  16 goblins
  11 hobgoblins
  2 jackals (D:2)
  28 kobolds
  2 quokkas
  8 ball pythons
  A ball python skeleton (Crypt:2)
  A ball python zombie (Crypt:1)
  3 bats
  2 frilled lizards (D:2)
  A jackal skeleton (Crypt:2)
  2 rats (D:1)
  15 butterflies (Vaults:4)
  A fire vortex (Pan)
2429 creatures vanquished.

Vanquished Creatures (collateral kills)
  2 Executioners (Pan)
  A large abomination (Pan)
3 creatures vanquished.

Vanquished Creatures (others)
  2 eldritch tentacles (Pan)
  A demonspawn blood saint (Pan)
  A deep elf pyromancer (Elf:2)
  A hornet (Lair:4)
  A spriggan (Lair:4)
  A water elemental (Elf:2)
  4 demonic plants (Pan)
  18 fungi
  A lurking horror (Abyss:3)
  79 plants
  2 starspawn tentacles (Abyss:3)
  27 tentacles (Shoals:3)
  30 withered plants
168 creatures vanquished.

Grand Total: 2600 creatures vanquished

Notes
Turn   | Place    | Note
-------+----------+-------------------------------------------
     0 | D:1      | Antichthon the Spriggan Enchanter began the quest for the
                  | Orb.
     0 | D:1      | Reached XP level 1. HP: 9/9 MP: 5/5
   540 | D:1      | Reached XP level 2. HP: 13/13 MP: 6/6
  1017 | D:2      | Reached skill level 5 in Stealth
  1058 | D:2      | Reached XP level 3. HP: 16/16 MP: 8/8
  1098 | D:2      | Learned a level 2 spell: Ensorcelled Hibernation
  1775 | D:2      | Found Goraytaob's Magic Scroll Emporium.
  1799 | D:2      | Bought a scroll of identify for 28 gold pieces
  1815 | D:2      | You are sucked into a shaft and drop 1 floor!
  1836 | D:3      | Noticed Jessica
  1849 | D:3      | Killed Jessica
  1850 | D:3      | Reached XP level 4. HP: 7/21 MP: 2/10
  1969 | D:3      | Noticed a necrophage
  2916 | D:3      | Found a stormy altar of Qazlal.
  2917 | D:3      | Found a broken altar of Ashenzari.
  2918 | D:3      | Found a glowing golden altar of the Shining One.
  2925 | D:3      | Found a faded altar of an unknown god.
  2943 | D:3      | Reached XP level 5. HP: 25/25 MP: 11/11
  3875 | D:4      | Found an iron altar of Okawaru.
  4134 | D:4      | Noticed Edmund
  4389 | D:4      | Identified a scroll of acquirement
  4460 | D:4      | Reached XP level 6. HP: 19/29 MP: 9/12
  4475 | D:4      | Acquired a +5 rapier of speed
  4610 | D:4      | Found a staircase to the Ecumenical Temple.
  4618 | Temple   | Entered the Ecumenical Temple
  4631 | Temple   | Became a worshipper of Dithmenos the Shadowed
  4755 | D:4      | Killed Edmund
  5156 | D:4      | Found Ter Yveu's Armour Emporium.
  5344 | D:5      | Entered Level 5 of the Dungeon
  5344 | D:5      | Noticed an unseen horror
  5365 | D:5      | Killed an unseen horror
  5366 | D:5      | Reached skill level 5 in Hexes
  5366 | D:5      | Reached skill level 1 in Ice Magic
  5366 | D:5      | Reached XP level 7. HP: 17/32 MP: 3/14
  5588 | D:5      | Learned a level 2 spell: Blink
  5788 | D:5      | Learned a level 3 spell: Confusing Touch
  5815 | D:5      | Reached skill level 5 in Dodging
  5815 | D:5      | Reached skill level 1 in Translocations
  5846 | D:5      | Reached skill level 1 in Fighting
  5967 | D:5      | Noticed Blork the orc
  5974 | D:5      | Killed Blork the orc
  6019 | D:5      | Reached XP level 8. HP: 37/37 MP: 16/16
  6032 | D:5      | Noticed Pikel
  6110 | D:5      | Noticed a hornet
  6117 | D:5      | Killed a hornet
  6118 | D:5      | Reached skill level 5 in Spellcasting
  6403 | D:5      | Noticed Eustachio
  6405 | D:5      | Killed Eustachio
  6406 | D:5      | Reached skill level 10 in Stealth
  6525 | D:6      | Noticed Menkaure
  6866 | D:6      | Found a sacrificial altar of Ru.
  6990 | D:6      | Reached * piety under Dithmenos
  7087 | D:6      | Killed Menkaure
  7088 | D:6      | Reached skill level 5 in Short Blades
  7088 | D:6      | Reached XP level 9. HP: 41/41 MP: 13/19
  8843 | D:8      | Reached ** piety under Dithmenos
  9133 | D:8      | Noticed a two-headed ogre
  9140 | D:8      | Killed a two-headed ogre
  9141 | D:8      | Reached XP level 10. HP: 46/46 MP: 21/21
  9203 | D:8      | Found a flagged portal.
  9230 | Bailey   | Entered a bailey
  9359 | Bailey   | Noticed an orc knight
  9456 | Bailey   | Killed an orc knight
  9457 | Bailey   | Reached skill level 15 in Stealth
  9544 | Bailey   | Reached *** piety under Dithmenos
  9696 | Bailey   | Noticed an orc warlord
  9908 | Bailey   | Identified the +1 robe of Death's Door {rElec Will++}
 10403 | Bailey   | Killed an orc warlord
 11022 | D:8      | Reached XP level 11. HP: 52/52 MP: 22/22
 11324 | D:9      | Reached **** piety under Dithmenos
 11708 | D:9      | Noticed a sixfirhy
 11709 | D:9      | Found a runed translucent door.
 11742 | D:9      | Killed a sixfirhy
 11990 | D:10     | Entered Level 10 of the Dungeon
 12060 | D:10     | Acquired the +2 robe of Leaves {Drain rCorr Dex+4 SInv}
 12128 | D:10     | Found a staircase to the Lair.
 12189 | D:10     | Reached skill level 10 in Short Blades
 12609 | D:10     | Found Midyoc's Weapon Shoppe.
 12870 | D:11     | Reached ***** piety under Dithmenos
 13092 | D:11     | Noticed a two-headed ogre
 13108 | D:11     | Killed a two-headed ogre
 13143 | D:11     | Found Girgh's Antique Armour Shop.
 13183 | D:11     | Bought a runed scarf for 304 gold pieces
 14081 | Lair:1   | Entered Level 1 of the Lair of Beasts
 14155 | Lair:1   | Reached XP level 12. HP: 58/58 MP: 23/23
 14466 | Lair:1   | Noticed a five-headed hydra
 14473 | Lair:1   | Killed a five-headed hydra
 15015 | Lair:2   | Noticed a seven-headed hydra
 15023 | Lair:2   | Killed a seven-headed hydra
 15056 | Lair:2   | Found a staircase to the Snake Pit.
 15059 | Lair:2   | Noticed a death yak
 15059 | Lair:2   | Noticed a death yak
 15060 | Lair:2   | Noticed a death yak
 15069 | Lair:2   | Found a staircase to the Shoals.
 15141 | Lair:2   | Found a runed translucent door.
 15142 | Lair:2   | Noticed Roefeuw's ghost (journeyman OgHu)
 15165 | Lair:2   | Killed Roefeuw's ghost
 15177 | Lair:2   | Noticed a death yak
 15184 | Lair:2   | Killed a death yak
 15199 | Lair:2   | Reached skill level 5 in Fighting
 15520 | Lair:2   | Killed a death yak
 15613 | Lair:2   | Killed a death yak
 15671 | Lair:2   | Killed a death yak
 16018 | Lair:3   | Noticed a death yak
 16019 | Lair:3   | Noticed a death yak
 16045 | Lair:3   | Killed a death yak
 16068 | Lair:3   | Noticed a death yak
 16068 | Lair:3   | Noticed a death yak
 16068 | Lair:3   | Noticed a death yak
 16074 | Lair:3   | Killed a death yak
 16076 | Lair:3   | Killed a death yak
 16077 | Lair:3   | Reached XP level 13. HP: 64/64 MP: 24/24
 16161 | Lair:3   | Learned a level 3 spell: Dazzling Flash
 16316 | Lair:3   | Learned a level 3 spell: Tukima's Dance
 16327 | Lair:3   | Learned a level 3 spell: Lesser Beckoning
 17252 | Lair:4   | Found a transporter.
 17257 | Lair:4   | Noticed Acazus's ghost (journeyman OpFE)
 17261 | Lair:4   | Found a bloodstained altar of Trog.
 17266 | Lair:4   | Found a transporter.
 17399 | Lair:4   | Killed Acazus's ghost
 17464 | Lair:4   | Gained mutation: You passively map a small area around you.
                  | [potion of mutation]
 17464 | Lair:4   | Gained mutation: Your magical capacity is low. (-10% MP)
                  | [potion of mutation]
 17464 | Lair:4   | Gained mutation: You are weak. (Str -2) [potion of
                  | mutation]
 17465 | Lair:4   | Lost mutation: You are weak. (Str -2) [potion of mutation]
 17465 | Lair:4   | Lost mutation: You passively map a small area around you.
                  | [potion of mutation]
 17465 | Lair:4   | Lost mutation: Your magical capacity is low. (-10% MP)
                  | [potion of mutation]
 17465 | Lair:4   | Gained mutation: You are robust. (+10% HP) [potion of
                  | mutation]
 17691 | Lair:4   | Found the ring of the Tortoise {AC+8}
 18493 | Lair:5   | Reached ****** piety under Dithmenos
 18826 | Lair:5   | Found a staircase to the Slime Pits.
 18826 | Lair:5   | Found a viscous altar of Jiyva.
 19029 | Lair:6   | Entered Level 6 of the Lair of Beasts
 19249 | Lair:6   | Noticed Rupert
 19260 | Lair:6   | Killed Rupert
 19261 | Lair:6   | Reached skill level 10 in Dodging
 19306 | Lair:6   | Reached XP level 14. HP: 77/77 MP: 21/25
 19306 | Lair:6   | Reached XP level 15. HP: 81/81 MP: 21/26
 19611 | Lair:6   | Found a burning altar of Makhleb.
 19648 | Lair:6   | Found a gateway to Hell.
 20232 | D:12     | Identified the +8 war axe of the Mind {vorpal, rN+}
 20334 | D:12     | Identified the +11 flail "Derroh" {holy, Int+4}
 20347 | D:12     | Found a staircase to the Orcish Mines.
 20479 | D:12     | Identified the ring of Hepliaklqana's Scorn {Fly rC+ MP+9}
 20684 | D:12     | Learned a level 1 spell: Apportation
 21062 | Orc:1    | Entered Level 1 of the Orcish Mines
 21091 | Orc:1    | Found Fiuri's Weapon Boutique.
 21262 | Orc:2    | Entered Level 2 of the Orcish Mines
 21281 | Orc:2    | Found a staircase to the Elven Halls.
 21386 | Orc:2    | Found a gate leading to a gauntlet.
 21449 | Gauntlet | Entered a Gauntlet
 21449 | Gauntlet | Found a transporter.
 21454 | Gauntlet | Found a transporter.
 21455 | Gauntlet | Found a transporter.
 21460 | Gauntlet | Found a runed translucent door.
 21462 | Gauntlet | Found a runed translucent door.
 21464 | Gauntlet | Found a transporter.
 21467 | Gauntlet | Found a transporter.
 21478 | Gauntlet | Found a transporter.
 21483 | Gauntlet | Found a runed translucent door.
 21490 | Gauntlet | Found a transporter.
 21494 | Gauntlet | Found a transporter.
 21504 | Gauntlet | Found a transporter.
 21511 | Gauntlet | Found a transporter.
 21528 | Gauntlet | Found a transporter.
 21542 | Gauntlet | Found a transporter.
 21544 | Gauntlet | Found a transporter.
 21726 | Gauntlet | Found a transporter.
 21731 | Gauntlet | Identified the +2 hat of Disguise {-Tele Rampage Int+9
                  | Dex+3}
 21773 | Gauntlet | Identified the +7 battleaxe of the Hierophant {speed, rF+}
 21773 | Gauntlet | Identified the ring "Ciny" {Will++ Str+6 Int-5 SInv Stlth+}
 21873 | Orc:2    | Found a large runed translucent door.
 21874 | Orc:2    | Found a large runed translucent door.
 21877 | Orc:2    | Noticed sokol815's ghost (journeyman DsMo)
 21907 | Orc:2    | Killed sokol815's ghost
 22035 | Orc:2    | Paralysed by an ogre mage for 2 turns
 22171 | Orc:2    | Reached skill level 27 in Stealth
 22188 | Orc:2    | Found Biusheeq's Weapon Shoppe.
 22188 | Orc:2    | Found Coivad's Assorted Antiques.
 22203 | Orc:2    | Found Beigra's General Store.
 22203 | Orc:2    | Found Intunur's Weapon Shoppe.
 22324 | Orc:2    | Bought 2 scrolls of teleportation for 144 gold pieces
 22324 | Orc:2    | Bought a bone ring for 120 gold pieces
 22324 | Orc:2    | Bought a scroll of enchant armour for 180 gold pieces
 22327 | Orc:2    | Bought the +6 dagger of Bel Jeorerch {freeze, Dex+6} for
                  | 798 gold pieces
 22584 | Orc:1    | Noticed Jorgrun
 22590 | Orc:1    | Killed Jorgrun
 22604 | Orc:1    | Reached skill level 15 in Short Blades
 23190 | Snake:1  | Entered Level 1 of the Snake Pit
 23565 | D:13     | Reached XP level 16. HP: 89/89 MP: 29/29
 23652 | D:13     | Found a gate to the Vaults.
 23844 | D:13     | Learned a level 5 spell: Summon Mana Viper
 23873 | D:13     | Noticed Frances
 23879 | D:13     | Killed Frances
 24062 | D:13     | Identified the +8 chain mail "Alaqarirgh" {Str+5}
 24206 | D:14     | Found Roelotuh's Magic Scroll Emporium.
 24207 | D:14     | Found Anetig's General Store.
 24213 | D:14     | Reached skill level 10 in Hexes
 24659 | D:14     | Found Zemanoosch's Magic Scroll Shop.
 24696 | D:14     | Found Beollo Foum's Assorted Antiques.
 24702 | D:14     | Bought 3 scrolls labelled ICEOGY APUM for 87 gold pieces
 24772 | D:14     | Found Nossocso's Weapon Shoppe.
 25421 | D:15     | Entered Level 15 of the Dungeon
 25455 | D:15     | Found Jiuciaj's Book Shoppe.
 25523 | D:15     | Found Xedautar's Antique Weapon Shop.
 25580 | D:15     | Found a hazy altar of Hepliaklqana.
 25987 | D:15     | Acquired the amulet of Contentment {Faith rElec Dex+7}
 26436 | D:14     | Reached skill level 1 in Shields
 26436 | D:14     | Reached skill level 10 in Spellcasting
 27031 | D:15     | Found a staircase to the Depths.
 27730 | Snake:1  | Identified the +3 chain mail "Xibrocs" {Rampage Fly rC+
                  | Will+}
 28342 | Snake:1  | Noticed CowFu's ghost (journeyman MiBe)
 28350 | Snake:1  | Found a runed translucent door.
 28776 | Snake:1  | Reached XP level 17. HP: 95/95 MP: 32/32
 28794 | Snake:1  | Identified the +2 robe of the Guilds {+Inv rElec Int+4}
 29509 | Snake:1  | Killed CowFu's ghost
 30034 | Snake:2  | Found Vudoi's Assorted Antiques.
 30976 | Snake:3  | Learned a level 4 spell: Anguish
 30984 | Snake:3  | Learned a level 7 spell: Enfeeble
 31134 | Snake:3  | Lost mutation: You are robust. (+10% HP) [potion of
                  | mutation]
 31134 | Snake:3  | Gained mutation: You are dopey. (Int -2) [potion of
                  | mutation]
 31134 | Snake:3  | Gained mutation: You are robust. (+10% HP) [potion of
                  | mutation]
 31135 | Snake:3  | Lost mutation: You are robust. (+10% HP) [potion of
                  | mutation]
 31135 | Snake:3  | Lost mutation: You are dopey. (Int -2) [potion of mutation]
 31135 | Snake:3  | Gained mutation: Your natural rate of healing is unusually
                  | fast. [potion of mutation]
 31135 | Snake:3  | Gained mutation: You occasionally shout uncontrollably at
                  | your foes. [potion of mutation]
 31669 | Snake:4  | Entered Level 4 of the Snake Pit
 31673 | Snake:4  | Found Qieg's Jewellery Boutique.
 31673 | Snake:4  | Found Xyofuig's Book Emporium.
 31673 | Snake:4  | Found Etwod's Book Emporium.
 31908 | D:14     | Bought a scroll of acquirement for 832 gold pieces
 31908 | D:14     | Acquired 1077 gold pieces
 32159 | Snake:4  | Bought a book of Flames for 300 gold pieces
 32159 | Snake:4  | Bought a book of Misfortune for 360 gold pieces
 32159 | Snake:4  | Bought a book of Callings for 200 gold pieces
 32166 | Snake:4  | Learned a level 5 spell: Yara's Violent Unravelling
 33111 | Snake:4  | Noticed Donald
 33149 | Snake:4  | Noticed Vashnia
 33285 | Snake:4  | Killed Donald
 33286 | Snake:4  | Reached skill level 5 in Shields
 33649 | Snake:4  | Killed Vashnia
 34009 | Snake:4  | Reached skill level 10 in Fighting
 34070 | Snake:4  | Reached XP level 18. HP: 93/93 MP: 34/34
 35260 | Snake:4  | Got a serpentine rune of Zot
 35743 | Shoals:1 | Entered Level 1 of the Shoals
 36817 | Shoals:2 | Reached skill level 15 in Hexes
 36985 | Shoals:2 | Noticed Aizul
 37043 | Shoals:2 | Identified the +7 hand axe of the Illusory Knives
                  | {antimagic, rElec rPois Will- Dex+8}
 37663 | Shoals:2 | Killed Aizul
 37664 | Shoals:2 | Reached skill level 15 in Dodging
 37803 | Shoals:3 | Acquired the +2 hat of the Bear Spirit {Spirit, *Rage
                  | Will++}
 37803 | Shoals:3 | Found the +2 hat of the Bear Spirit {Spirit, *Rage Will++}
 37913 | Shoals:3 | Found Muexiuwn's Book Emporium.
 38725 | Shoals:4 | Entered Level 4 of the Shoals
 38725 | Shoals:4 | Found Orghy's Jewellery Shoppe.
 38741 | Shoals:4 | Bought the ring "Bekhlitwy" {rPois Will+ Int+4 Stlth-} for
                  | 514 gold pieces
 38788 | Shoals:4 | Identified the +9 trident "Nupremir" {vorpal, rElec Str-4
                  | SInv Stlth+}
 39757 | Shoals:4 | Reached XP level 19. HP: 84/99 MP: 37/37
 40333 | Shoals:4 | Got a barnacled rune of Zot
 40582 | Vaults:1 | Entered Level 1 of the Vaults
 41477 | Vaults:1 | Learned a level 3 spell: Inner Flame
 41481 | Vaults:1 | Learned a level 3 spell: Summon Guardian Golem
 42667 | Vaults:1 | Identified the +1 robe "Kotz" {rElec rN+}
 43471 | Vaults:2 | Reached skill level 15 in Spellcasting
 44043 | Vaults:2 | Found Depabont's General Store.
 44051 | Vaults:2 | Bought a potion of mutation for 136 gold pieces
 44051 | Vaults:2 | Lost mutation: You occasionally shout uncontrollably at
                  | your foes. [potion of mutation]
 44051 | Vaults:2 | Lost mutation: Your natural rate of healing is unusually
                  | fast. [potion of mutation]
 44051 | Vaults:2 | Gained mutation: Your muscles are strong. (Str +2) [potion
                  | of mutation]
 44051 | Vaults:2 | Gained mutation: You have hidden genetic potential. [potion
                  | of mutation]
 44111 | Vaults:2 | Learned a level 4 spell: Cause Fear
 44518 | Vaults:2 | Found a runed translucent gate.
 44519 | Vaults:2 | Found a runed translucent gate.
 44521 | Vaults:2 | Found a runed translucent gate.
 44525 | Vaults:2 | Noticed Budghuxen's ghost (veteran HOFi)
 44525 | Vaults:2 | Noticed Antichthon's ghost (adept SpBr)
 44525 | Vaults:2 | Found the amulet of the Four Winds {rN+ Will+++ Clar}
 44845 | Vaults:2 | You are sucked into a shaft and drop 2 floors!
 45138 | Vaults:4 | Reached XP level 20. HP: 104/104 MP: 40/40
 45771 | Vaults:3 | Found a flickering gateway to a bazaar.
 45788 | Bazaar   | Entered a bazaar
 45788 | Bazaar   | Found Zotaanudd's Jewellery Shoppe.
 45801 | Bazaar   | Found Koameh's Distillery.
 45814 | Bazaar   | Found Kohios's Antique Armour Shoppe.
 45871 | Bazaar   | Bought a potion of cancellation for 112 gold pieces
 45871 | Bazaar   | Bought a potion of heal wounds for 70 gold pieces
 45871 | Bazaar   | Bought a potion of resistance for 140 gold pieces
 45947 | Vaults:2 | Killed Antichthon's ghost
 45977 | Vaults:2 | Identified the +0 robe "Cuteozof" {Rampage Int+2 SInv}
 47447 | Vaults:3 | Found a staircase to the Crypt.
 48142 | Vaults:4 | Identified the +7 hand crossbow of Inucarya {venom, Will+}
 48966 | Vaults:4 | Found a huge runed gate.
 48966 | Vaults:4 | Found a huge runed gate.
 48966 | Vaults:4 | Found a huge runed gate.
 48966 | Vaults:4 | Found a huge runed gate.
 48966 | Vaults:4 | Found a huge runed gate.
 48966 | Vaults:4 | Found a huge runed gate.
 48966 | Vaults:4 | Found a huge runed gate.
 48967 | Vaults:4 | Found a huge runed gate.
 48967 | Vaults:4 | Found a huge runed gate.
 48967 | Vaults:4 | Found a huge runed gate.
 48975 | Vaults:4 | Found a huge runed gate.
 48975 | Vaults:4 | Found a huge runed gate.
 48975 | Vaults:4 | Found a huge runed gate.
 48975 | Vaults:4 | Found a huge runed gate.
 48975 | Vaults:4 | Found a huge runed gate.
 48975 | Vaults:4 | Found a huge runed gate.
 48976 | Vaults:4 | Found a huge runed gate.
 48977 | Vaults:4 | Found a huge runed gate.
 48977 | Vaults:4 | Noticed Xtahua
 48978 | Vaults:4 | Found a huge runed gate.
 48981 | Vaults:4 | Killed Xtahua
 48993 | Vaults:4 | Found a huge runed gate.
 48993 | Vaults:4 | Found a huge runed gate.
 48993 | Vaults:4 | Found a huge runed gate.
 48993 | Vaults:4 | Found a huge runed gate.
 48993 | Vaults:4 | Found a huge runed gate.
 48993 | Vaults:4 | Found a huge runed gate.
 48994 | Vaults:4 | Found a huge runed gate.
 48995 | Vaults:4 | Found a huge runed gate.
 48996 | Vaults:4 | Found a huge runed gate.
 49004 | Vaults:4 | Found a huge runed gate.
 49004 | Vaults:4 | Found a huge runed gate.
 49004 | Vaults:4 | Found a huge runed gate.
 49004 | Vaults:4 | Found a huge runed gate.
 49004 | Vaults:4 | Found a huge runed gate.
 49004 | Vaults:4 | Found a huge runed gate.
 49004 | Vaults:4 | Found a huge runed gate.
 49005 | Vaults:4 | Found a huge runed gate.
 49410 | Vaults:4 | Gained mutation: You are agile. (Dex +2) [hidden potential]
 50755 | Elf:1    | Entered Level 1 of the Elven Halls
 50761 | Elf:1    | Identified the +11 long sword "Ijoug" {elec, Str+2 Stlth+}
 51178 | Elf:1    | Reached XP level 21. HP: 109/109 MP: 43/43
 51308 | Elf:1    | Got Pubit's Incunabulum of the Shore
 53867 | Elf:2    | Found a runed translucent gate.
 53868 | Elf:2    | Found a runed translucent gate.
 53868 | Elf:2    | Found a runed translucent gate.
 55348 | Elf:3    | Entered Level 3 of the Elven Halls
 56188 | Elf:3    | Gained mutation: Your system is resistant to poisons.
                  | (rPois) [hidden potential]
 56188 | Elf:3    | Lost mutation: You have hidden genetic potential. [hidden
                  | potential expressed]
 56901 | Elf:3    | Identified the +4 mace of Blind Justice {vorpal, rElec
                  | rC+++ Int-5}
 57593 | Elf:3    | Identified the +0 chain mail "Zytwuora" {-Tele Int+5 Dex+4
                  | Slay+3}
 57598 | Elf:3    | Identified the +2 pair of gloves of Greed {Will+ Dex+5}
 57604 | Elf:3    | Identified the +3 falchion of Fedhas's Scorn {drain, rPois
                  | rN+ Dex+3}
 57606 | Elf:3    | Identified the +1 leather armour of Zouddous {Slay+3}
 57610 | Elf:3    | Identified the +5 scale mail "Zaxt" {+Blink}
 57613 | Elf:3    | Identified the +2 pair of boots "Sexif" {+Blink SInv}
 57760 | Elf:3    | Got Sif Muna's Grimoire of Glamour
 57763 | Elf:3    | Identified the +5 dire flail "Cuafar" {drain, *Corrode
                  | rPois rF+++ Str-2}
 57766 | Elf:3    | Identified the +7 quarterstaff of Impatience {pain, rC+}
 57794 | Elf:3    | Learned a level 3 spell: Portal Projectile
 57945 | Elf:3    | Reached XP level 22. HP: 116/116 MP: 44/44
 59314 | Depths:1 | Entered Level 1 of the Depths
 59828 | Depths:1 | Found a corrupted altar of Lugonu.
 59829 | Depths:1 | Found a one-way gate to the infinite horrors of the Abyss.
 60792 | Depths:1 | Found Momiapp's Assorted Antiques.
 60806 | Depths:1 | Bought 2 potions of curing for 180 gold pieces
 60988 | Depths:1 | Found a one-way gate leading to the halls of Pandemonium.
 61068 | Depths:2 | Found a portal to a secret trove of treasure.
 61233 | Depths:2 | Found a bloodstained altar of Trog.
 61387 | Depths:2 | You paid a toll of 8 scrolls of fear to enter a treasure
                  | trove
 61388 | Trove    | Entered a treasure trove
 61479 | Trove    | Identified the ring "Jureasin" {Str+5 Dex+6}
 61483 | Trove    | Identified the ring of Grace {rPois rC+ rCorr Int+3 Dex-5}
 61493 | Trove    | Identified the ring of Xom's Bemusement {MP+9 Str-4 Int+7}
 61495 | Trove    | Identified the amulet of Sloth {Acrobat rC+ Str+5 Dex+4
                  | Stlth+}
 61496 | Trove    | Identified the amulet "Funom" {Faith Int+4 Stlth+}
 61505 | Trove    | Identified the ring "Unom" {Will+ Dex+6}
 61732 | Depths:2 | Noticed a caustic shrike
 61742 | Depths:2 | Found the +8 orange crystal plate armour {Archmagi, Int+3
                  | Clar}
 61775 | Depths:2 | Killed a caustic shrike
 62310 | Depths:2 | Noticed Vv
 62313 | Depths:2 | Killed Vv
 62437 | Depths:2 | Got Rapox's Reference Book on Weightlessness
 63278 | Depths:3 | Found a one-way gateway to a ziggurat.
 63294 | Depths:3 | Noticed Frederick
 63792 | Depths:3 | Noticed a golden dragon
 63796 | Depths:3 | Killed a golden dragon
 63989 | Depths:3 | Killed Frederick
 63998 | Depths:3 | Reached skill level 10 in Shields
 64280 | Depths:3 | Noticed Jory
 64283 | Depths:3 | Killed Jory
 64363 | Depths:3 | Acquired a book of Armaments
 64551 | Depths:3 | Noticed a juggernaut
 65383 | Depths:3 | Reached XP level 23. HP: 121/121 MP: 47/47
 65409 | Depths:3 | Noticed a caustic shrike
 65491 | Depths:2 | Killed a caustic shrike
 66102 | Depths:2 | Killed a juggernaut
 66877 | Depths:3 | Identified the +2 demon blade of Untruth {elec, *Slow rElec
                  | rF++}
 67051 | Depths:4 | Entered Level 4 of the Depths
 67051 | Depths:4 | Noticed a juggernaut
 67052 | Depths:4 | Killed a juggernaut
 67360 | Depths:4 | Found a stormy altar of Qazlal.
 68195 | Depths:4 | Found a gate to the Realm of Zot.
 69260 | Vaults:5 | Entered Level 5 of the Vaults
 71020 | Vaults:5 | Noticed a dread lich
 71613 | Vaults:5 | Noticed an ancient lich
 71790 | Vaults:5 | Found Weufoymp's Magic Scroll Emporium.
 71799 | Vaults:5 | Bought a scroll of acquirement for 832 gold pieces
 71799 | Vaults:5 | Acquired the +4 hat of Dyhuyw {Fly}
 72043 | Vaults:5 | Found Haibariv's Magic Scroll Shoppe.
 72043 | Vaults:5 | Found Neatt's Magic Scroll Shop.
 72068 | Vaults:5 | Found Giycs's Magic Scroll Shoppe.
 72139 | Vaults:5 | Found Heizxoc's Magic Scroll Shoppe.
 72143 | Vaults:5 | Reached XP level 24. HP: 127/127 MP: 48/48
 72147 | Vaults:5 | Bought a scroll of acquirement for 572 gold pieces
 72153 | Vaults:5 | Acquired the +3 buckler "Emehao" {rF- rN++ Regen+ Int+2}
 72605 | Vaults:5 | Killed an ancient lich
 72906 | Vaults:5 | Found Qeope's Jewellery Shop.
 72954 | Vaults:5 | Found Xetog's Magic Scroll Shoppe.
 72956 | Vaults:5 | Found Nyunel's Magic Scroll Boutique.
 72958 | Vaults:5 | Found Onwyag's Antique Armour Shop.
 72963 | Vaults:5 | Found Xeilapin's Jewellery Shop.
 73116 | Vaults:5 | Killed a dread lich
 73312 | Vaults:5 | Noticed a dread lich
 73333 | Vaults:5 | Killed a dread lich
 73598 | Vaults:5 | Got a silver rune of Zot
 74324 | Slime:1  | Entered Level 1 of the Pits of Slime
 75152 | Slime:2  | Found a viscous altar of Jiyva.
 76389 | Slime:5  | Entered Level 5 of the Pits of Slime
 76500 | Slime:5  | Found a viscous altar of Jiyva.
 76933 | Slime:5  | Found the +3 pair of seven-league boots {Rampage+∞}
 76935 | Slime:5  | Noticed the Royal Jelly
 77154 | Slime:5  | Found the +8 autumn katana {vorpal, manifold assault}
 77161 | Slime:5  | Killed the Royal Jelly
 77576 | Slime:5  | Identified the +9 hand axe "Ywkyruuk" {spect, Int+8}
 77593 | Slime:5  | Identified the +4 whip of Qutoby {flame, +Blink rCorr MP-9
                  | Dex+6}
 77637 | Slime:5  | Identified the +1 plate armour "Qaohehi" {rPois rC++
                  | Slay-4}
 77648 | Slime:5  | Identified the +0 chain mail of Xiomnousk {rPois}
 77694 | Slime:5  | Identified the +1 quarterstaff "Mulal" {chaos, rN+ Will+
                  | Int+4}
 77712 | Slime:5  | Identified the +2 robe of the Louse {Fly rPois Stlth-
                  | Archmagi}
 77715 | Slime:5  | Identified the ring of Avizest {rF+ rC+ rCorr Str+5 Int-5}
 77719 | Slime:5  | Got a slimy rune of Zot
 77721 | Slime:5  | Got Sif Muna's Volume of Curses
 78105 | Depths:1 | Voluntarily entered the Abyss.
 78689 | Abyss:2  | Found a corrupted altar of Lugonu.
 78873 | Abyss:3  | Found a corrupted altar of Lugonu.
 79474 | Abyss:3  | Found a shimmering altar of Xom.
 79841 | Abyss:3  | Found a shimmering blue altar of Sif Muna.
 79897 | Abyss:3  | Found a sparkling altar of Nemelex Xobeh.
 79954 | Abyss:3  | Found a corrupted altar of Lugonu.
 80226 | Abyss:4  | Found a bloodstained altar of Trog.
 80228 | Abyss:5  | Entered Level 5 of the Abyss
 80235 | Abyss:5  | Found a hide-covered altar of Uskayaw.
 80235 | Abyss:5  | Found a white marble altar of Elyvilon.
 80235 | Abyss:5  | Found a glowing golden altar of the Shining One.
 80235 | Abyss:5  | Found a basalt altar of Yredelemnul.
 80235 | Abyss:5  | Found a shimmering blue altar of Sif Muna.
 80235 | Abyss:5  | Found a bloodstained altar of Trog.
 80235 | Abyss:5  | Found a shadowy altar of Dithmenos.
 80235 | Abyss:5  | Found a glowing silver altar of Zin.
 80235 | Abyss:5  | Found a radiant altar of Vehumet.
 80235 | Abyss:5  | Found an ornate altar of the Wu Jian Council.
 80237 | Abyss:5  | Found a stormy altar of Qazlal.
 80239 | Abyss:5  | Found a burning altar of Makhleb.
 80239 | Abyss:5  | Found a sparkling altar of Nemelex Xobeh.
 80239 | Abyss:5  | Found an opulent altar of Gozag.
 80241 | Abyss:5  | Found a shimmering altar of Xom.
 80241 | Abyss:5  | Found an iron altar of Okawaru.
 80241 | Abyss:5  | Found a broken altar of Ashenzari.
 80241 | Abyss:5  | Found a blossoming altar of Fedhas.
 80243 | Abyss:5  | Found an ancient bone altar of Kikubaaqudgha.
 80243 | Abyss:5  | Found a snail-covered altar of Cheibriados.
 80243 | Abyss:5  | Found a broken altar of Ashenzari.
 80579 | Abyss:5  | Found a corrupted altar of Lugonu.
 80926 | Abyss:5  | Found an ornate altar of the Wu Jian Council.
 81018 | Abyss:5  | Found a glowing golden altar of the Shining One.
 81026 | Abyss:5  | Noticed a juggernaut
 81028 | Abyss:5  | Reached XP level 25. HP: 73/131 MP: 47/48
 81028 | Abyss:5  | Reached XP level 26. HP: 76/136 MP: 47/48
 81028 | Abyss:5  | Got an abyssal rune of Zot
 81144 | Depths:1 | Escaped the Abyss
 81481 | Crypt:1  | Entered Level 1 of the Crypt
 81740 | Crypt:1  | Learned a level 5 spell: Silence
 82091 | Crypt:1  | Reached XP level 27. HP: 140/140 MP: 48/48
 82803 | Crypt:2  | Found the +9 sword of Zonguldrok {reap}
 82983 | Crypt:3  | Entered Level 3 of the Crypt
 83533 | Crypt:3  | Found a staircase to the Tomb.
 83554 | Crypt:3  | Reached skill level 27 in Short Blades
 83563 | Crypt:3  | Identified the +7 triple sword of Vanity {flame, Str+3}
 83587 | Crypt:3  | Noticed an ancient lich
 83592 | Crypt:3  | Killed an ancient lich
 83620 | Crypt:3  | Learned a level 4 spell: Leda's Liquefaction
 83710 | Crypt:3  | Noticed a dread lich
 83900 | Crypt:3  | Identified the ring "Fetzeafekk" {Drain rN+ Will+ Dex+3
                  | Stlth+}
 83900 | Crypt:3  | Identified the ring "Niskital" {rN+ Int+7 SInv}
 83900 | Crypt:3  | Identified the ring "Quobb" {rN+ Int+4}
 84147 | Crypt:3  | Identified the +2 pair of boots "Pyfuk" {Harm +Inv Will+}
 84669 | Crypt:3  | Killed a dread lich
 84720 | Crypt:3  | Noticed Margery
 85152 | Crypt:3  | Killed Margery
 85617 | Crypt:3  | Identified the ring "Forget-Me-Not" {rElec rF- rC+ Str+6
                  | SInv}
 86888 | Hell     | Entered the Vestibule of Hell
 86888 | Hell     | Noticed Geryon
 86901 | Hell     | Killed Geryon
 89893 | Vaults:5 | Bought a scroll of enchant weapon for 82 gold pieces
 89893 | Vaults:5 | Bought a scroll of brand weapon for 220 gold pieces
 89922 | Vaults:5 | Bought a scroll of enchant weapon for 97 gold pieces
 92997 | Hell     | Found a gateway to the decaying netherworld of Tartarus.
 93364 | Hell     | Found a gateway to the Iron City of Dis.
 93603 | Hell     | Found a gateway to the ashen valley of Gehenna.
 93975 | Hell     | Found a gateway to the freezing wastes of Cocytus.
 94283 | Pan      | Entered Pandemonium
 94739 | Pan      | Gained mutation: Your magical capacity is low. (-10% MP) [a
                  | cacodemon]
 94816 | Pan      | Found an exit through the horrors of the Abyss.
 94893 | Pan      | Noticed Ikhesum the pandemonium lord
 95628 | Pan      | Noticed Nouhi the pandemonium lord
 96076 | Pan      | Noticed Bugoddenank the pandemonium lord
 96113 | Pan      | Upgraded the game from 0.29-a0-322-g68df515428 to
                  | 0.29-a0-330-g52719c12eb
 96319 | Pan      | Identified the +3 ring mail "Ylear" {Str+5 Stlth+}
 96435 | Pan      | Acquired the +3 warlock's mirror {reflect}
 96435 | Pan      | Found the +3 warlock's mirror {reflect}
 96917 | Pan      | HP: 5/141 [Bugoddenank the pandemonium lord (41)]
 96923 | Pan      | Killed Bugoddenank the pandemonium lord
 97597 | Pan      | Got a demonic rune of Zot
 97988 | Pan      | Gained mutation: You are dopey. (Int -2) [a cacodemon]
 98177 | Pan      | Found a runed translucent door.
 98184 | Pan      | Found a runed translucent door.
 98186 | Pan      | Found a runed translucent door.
 98188 | Pan      | Noticed Ruyra the pandemonium lord
 98193 | Pan      | Killed Ruyra the pandemonium lord
 98198 | Pan      | Found a runed translucent door.
 98561 | Pan      | Found an exit through the horrors of the Abyss.
 98726 | Pan      | Entered the realm of Mnoleg.
 99041 | Pan      | Noticed Mnoleg
 99213 | Pan      | Lost mutation: You are agile. (Dex +2) [a cacodemon]
 99236 | Pan      | Gained mutation: You are clumsy. (Dex -2) [a cacodemon]
 99244 | Pan      | Gained mutation: You are very dopey. (Int -4) [a cacodemon]
 99598 | Pan      | Got a glowing rune of Zot
 99722 | Pan      | Identified the +8 hunting sling "Bium Ore" {speed, rN+++
                  | Str-3 Dex+5 Stlth+}
 99816 | Pan      | Found a transporter.
 99884 | Pan      | Entered the realm of Cerebov.
 99962 | Pan      | Identified the ring of Yredelemnul's Envy {rPois SInv
                  | Stlth+}
 99971 | Pan      | Found the +6 sword of Cerebov {flame}
 99971 | Pan      | Noticed Cerebov
100145 | Pan      | Identified the ring "Waqor" {Wiz rN+ Slay+5}
100158 | Pan      | Reached skill level 1 in Slings
100186 | Pan      | Identified the +3 dagger "Birus" {vorpal, Drain rC+ rN+
                  | Dex+3}
100210 | Pan      | Identified the +1 great sword of Alionuc {freeze, rElec
                  | rCorr}
100252 | Pan      | Identified the +5 hunting sling "Yvutouc" {freeze, rN+
                  | Int-3 SInv}
100257 | Pan      | Got the Papyrus of the Manifold Spines
100293 | Pan      | Got a fiery rune of Zot
100375 | Pan      | Entered the realm of Gloorx Vloq.
100671 | Pan      | Found an exit through the horrors of the Abyss.
101147 | Pan      | Noticed Mnoleg
101331 | Pan      | Noticed Gloorx Vloq
101390 | Pan      | HP: 5/142 [Executioner (15)]
102520 | Pan      | Got a dark rune of Zot
102649 | Pan      | Noticed Mnoleg
102730 | Pan      | Found the +6 sword of Cerebov {flame}
102730 | Pan      | Noticed Cerebov
102813 | Pan      | Entered the realm of Lom Lobon.
103008 | Pan      | Noticed Gloorx Vloq
103101 | Pan      | Noticed Mnoleg
103315 | Pan      | Reached skill level 1 in Invocations
103387 | Pan      | Noticed Lom Lobon
103389 | Pan      | Got a magical rune of Zot
103496 | Pan      | Slain by an Executioner

Illustrated notes

Levels and vault maps discovered:
D:1:      nzn_arrival_crosshair, layout_loops_ring
D:2:      layout_loops_ring, serial_shops, shop_statue
D:3:      layout_basic, chequers_temple_overflow_statue_of_worship,
          hellmonk_ecumenical_altar_pennies_from_heaven, uniq_jessica
D:4:      layout_cave_pods, okawaru_gym_becter, minmay_temple_entry_glass,
          serial_shops, shop, uniq_edmund
D:5:      layout_loops_ring, uniq_pikel, uniq_eustachio, uniq_blork_the_orc
D:6:      layout_rooms, mainiacjoe_overflow_brackets, uniq_menkaure
D:7:      layout_cave_pools, hellmonk_bongcloud_opening
D:8:      layout_loops_ring, special_room [special_room_orc],
          lightli_bailey_entry_fortress, sigmund_army
D:9:      cheibrodos_shockbox, layout_small_grid
D:10:     layout_roguey, minmay_lair_entry_grove, serial_shops,
          nicolae_take_the_stairs
D:11:     layout_stronghold, serial_shops, nicolae_shop_hallway_stairs
D:12:     layout_loops_cross, david_orc_2
D:13:     layout_rooms, david_vaults_5, serial_corexii_hall,
          chequers_hall_statues_y, chequers_hall_statues_y, uniq_frances
D:14:     layout_rooms, infiniplex_staircase_pool_1, serial_shops, shop,
          shop_fountains, shop, nicolae_shop_bloodbath_and_beyond, shop,
          minmay_puff
D:15:     hangedman_depths_entry_try_elsewhere_first, layout_cave_pools,
          nicolae_hepliaklqana_hazy_memory, serial_shops, shop,
          nicolae_shop_trees, solitary_fountain
Temple:   minmay_crystal_spiral_temple
Lair:1:   layout_cave_pods, grunt_megastairs_2
Lair:2:   layout_concentric_octagons, shoals_dummy_entry,
          guppyfry_snake_entry_island, gammafunk_ghost_grave, minmay_hedge_maze,
          chequers_serial_rivers_small_a
Lair:3:   layout_cave_pods
Lair:4:   layout_concentric_octagons, gammafunk_ghost_wrathful_warriors,
          patterned_corridor
Lair:5:   layout_cave_pods, slime_altar_1, grunt_megastairs_3,
          serial_bayou_shore_a, infiniplex_staircase_pool
Lair:6:   evil_forest, layout_loops_ring, uniq_rupert
Shoals:1: layout_shoals, nicolae_splish_splash
Shoals:2: layout_shoals, uniq_aizul
Shoals:3: layout_shoals, serial_shops, shop
Shoals:4: shoals_end_simple, layout_shoals, serial_shops, shop
Snake:1:  nicolae_snake_hallway, layout_misc_corridors,
          hellmonk_ghost_happy_afterlife, drop_trap,
          nrook_guardian_serpent_double
Snake:2:  layout_misc_corridors, serial_shops, shop
Snake:3:  layout_misc_corridors, serial_bayou_crossing
Snake:4:  snake_pit_salamanders_mu, layout_basic, grunt_ministairs_10,
          serial_bayou_ford_a, nicolae_snake_slithery_hallway,
          minmay_shop_grove, uniq_vashnia, uniq_donald
Slime:1:  layout_caves
Slime:2:  layout_caves, basic_altar
Slime:3:  layout_caves
Slime:4:  layout_caves, amcnicky_altar_lugonu_corruption
Slime:5
Orc:1:    layout_diamond_mine, serial_shops, nicolae_shop_behind_doors,
          uniq_jorgrun
Orc:2:    st_orc_ogre_mass, layout_caves, gauntlet_entry_generic,
          ebering_ghost_disaster_area
Elf:1:    eino_elf_arrival_the_gate, layout_gridlike, minmay_elf_necromancy,
          minmay_misc_feat_columns, dk_noncrumbling_2,
          hangedman_research_probablistics
Elf:2:    nicolae_elf_blades_crystal_corner, layout_loops_cross
Elf:3:    elf_hall_gauntlet_wide, layout_geoelf_castle
Vaults:1: ontoclasm_vaults_shout, vaults_room_hallway, v_pattern_4,
          nicolae_vaults_yaktaur_gun_rack, v_misc_5, grunt_vaults_twisty,
          vaults_mumra_hexcomb, layout_vaults_omnigrid
Vaults:2: gammafunk_ghost_cemetery, st_squares, ontoclasm_vaults_fault,
          v_misc_3, nicolae_vaults_gold_heap, ontoclasm_vaults_ring_large,
          v_misc_4, vaults_dpeg_cross, nicolae_vaults_little_squares_2,
          ontoclasm_vaults_pinch, layout_vaults_ring, serial_shops,
          nicolae_shop_waterfront
Vaults:3: ontoclasm_vaults_ligature, ontoclasm_vaults_loading_screen,
          hangedman_vaults_corner, v_alt_pattern_3, vaults_room_fancy_cross,
          vaults_mumra_lcd, v_misc_22, minmay_crypt_entry_skeletal_spiral,
          nicolae_vaults_holding_cells, grunt_vaults_focal,
          ontoclasm_vaults_twist, vaults_room_door_ring, layout_vaults_omnibox,
          serial_shops, bzr_entry_islet
Vaults:4: nicolae_vaults_little_squares_5, v_misc_3, hangedman_vaults_nails,
          hangedman_vaults_restitches, ontoclasm_vaults_ring_square, v_misc_13,
          not_door_vault_mu, nicolae_vaults_what_the_h, hangedman_vaults_snaps,
          dpeg_vaults_monster_row, nicolae_vaults_little_squares_3,
          vaults_room_guarded_vault, ontoclasm_vaults_decontamination,
          vaults_room_pool, layout_vaults_chaotic_city, uniq_xtahua
Vaults:5
Crypt:1:  layout_gridlike, roderic_lattice_octagonal_star
Crypt:2:  layout_misc_corridors
Crypt:3:  quadcrypt_mu, uniq_margery
Depths:1: layout_cave_shapes, abyss_entry_flame_altar, rand_demon_pan_entry_7,
          serial_sigils_hangedman_etch, pf_hell_entry_great_geh, serial_shops,
          shop, lightli_corner_chamber
Depths:2: minmay_the_grid_octo_tiled_squarecenter_mashed
          [minmay_the_grid_octo_concentric,
          minmay_the_grid_octo_tetromino_candy, minmay_the_grid_octo_empty,
          minmay_the_grid_octo_teeth,
          minmay_the_grid_square_5x5_megaprize_diamond,
          minmay_the_grid_square_5x5_six_small,
          minmay_the_grid_square_5x5_three,
          minmay_the_grid_square_5x5_intrusive_squares,
          minmay_the_grid_square_5x5_spiral_small], layout_cave_pools,
          enter_trove_2, grunt_pan_entry_sceptre, hell_entry, bloody_trog,
          wad_mini_maze, uniq_vv
Depths:3: cheibrodos_salmonella, layout_basic, enter_ziggurat_a, hellmouth_1,
          grunt_pan_entry_in_and_out, abyss_entry, uniq_jory, uniq_frederick
Depths:4: grunt_zot_entry_gee_three, layout_cave_pools, minmay_misc_feat_iff,
          grunt_hell_entry_dis_mu, pan_entry, grunt_qazlal_clouds
Hell
Pan:      pan_disco_hall, layout_onion_city, nicolae_pan_sick_transit,
          rand_demon_1, layout_grid_shapes, reaverb_pan_squares,
          evilmike_mini_pan_possible_glass, layout_stronghold,
          pan_blood_fountain, rand_demon_3, layout_pan_divisions_a
          [pan_division_quadrant_a4, pan_division_quadrant_a2,
          pan_division_quadrant_a4, pan_division_quadrant_a4,
          pan_division_octagon_box], evilmike_mini_pan_doors, layout_small_grid,
          pan_blood_fountain_2, nicolae_pan_cerebovesque_3, rand_demon_1,
          layout_gridlike, regret_index_pan_draining_boxed, layout_stronghold,
          pan_blood_fountain_small, rand_demon_7, layout_cellular_growth,
          evilmike_mini_pan_thingy, layout_onion_city,
          evilmike_mini_pan_diamond, layout_chambers, nicolae_pan_lom_lobonic_4,
          evilmike_mini_pan_thingy, layout_grid_shapes, nicolae_pan_glass_arcs,
          layout_basic, mnoleg_grunt, layout_gridlike,
          nicolae_pan_gloorx_vloqian_1, gammafunk_dig_for_victory,
          layout_gridlike, cerebov, layout_pan_divisions_a
          [pan_division_quadrant_a2, pan_division_quadrant_a3,
          pan_division_quadrant_a2, pan_division_quadrant_a3,
          pan_division_octagon_halves], pan_blood_fountain_small,
          gloorx_vloq_grunt_torture_chamber, layout_gridlike, uniq_mnoleg,
          grunt_pan_pentagram, layout_gridlike, uniq_mnoleg, grunt_pan_sceptre,
          layout_irregular_city, uniq_cerebov, pan_blood_fountain_2,
          uniq_gloorx_vloq, uniq_mnoleg, pan_blood_fountain, lom_lobon,
          layout_cellular_growth, uniq_gloorx_vloq, uniq_mnoleg,
          nicolae_pan_cerebovesque_1, nicolae_pan_door_chamber, layout_chambers,
          pan_blood_fountain_2

Skill      XL: |  1  2  3  4  5  6  7  8  9 10 11 12 13 14 15 16 17 18 19 20 21 22 23 24 25 26 27 |
---------------+----------------------------------------------------------------------------------+-----
Hexes          | 4 5 6 7 9 12 14 15 18 20 21 22 23 | 23.9
Dodging        | 3 4 5 6 7 8 9 10 11 12 14 15 16 17 18 19 22 | 22.3
Stealth        | 5 6 7 8 9 11 14 16 18 21 23 25 27 | 27.0
Spellcasting   | 3 4 6 7 8 10 11 13 15 17 19 20 21 | 21.6
Short Blades   | 2 3 4 5 6 9 11 13 14 15 16 17 19 20 21 25 26 27 | 27.0
Ice Magic      | 1 |  1.4
Translocations | 2 3 |  3.8
Fighting       | 1 2 3 4 5 6 8 9 10 11 12 13 | 13.9
Shields        | 2 5 7 8 9 10 11 14 | 14.0
Slings         | 4 |  4.3
Invocations    | 1 |  1.4

Action                   |  1- 3 |  4- 6 |  7- 9 | 10-12 | 13-15 | 16-18 | 19-21 | 22-24 | 25-27 || total
-------------------------+-------+-------+-------+-------+-------+-------+-------+-------+-------++-------
Melee: Dagger            |   109 |   122 |    67 |    51 |    85 |   554 |   540 |  1053 |  1675 ||  4256
       Punch             |       |     1 |       |    14 |    13 |     2 |       |       |       ||    30
       Rapier            |       |    18 |   101 |   632 |   694 |   828 |   616 |   149 |       ||  3038
       Quick blade       |       |       |       |       |       |       |       |   313 |   631 ||   944
 Fire: Hand crossbow     |       |       |       |       |       |       |       |       |    20 ||    20
 Cast: Ensorcelled Hiber |     8 |    14 |    49 |    65 |    29 |   173 |   240 |   168 |    12 ||   758
       Confusing Touch   |       |       |     2 |     4 |     2 |     3 |     4 |    37 |    55 ||   107
       Blink             |       |       |     1 |       |       |       |       |       |       ||     1
       Dazzling Flash    |       |       |       |       |       |     3 |       |       |     1 ||     4
       Summon Mana Viper |       |       |       |       |       |       |     1 |       |       ||     1
       Lesser Beckoning  |       |       |       |       |       |       |     1 |       |       ||     1
       Apportation       |       |       |       |       |       |       |       |     2 |     2 ||     4
       Summon Guardian G |       |       |       |       |       |       |       |       |     1 ||     1
Invok: Shadow Step       |       |       |       |       |       |       |       |       |     1 ||     1
Evoke: Box of beasts     |       |       |       |       |     1 |       |       |       |       ||     1
       Wand              |       |       |       |       |       |     1 |       |     1 |       ||     2
  Use: Scroll            |     5 |     8 |     2 |    12 |    10 |     8 |     1 |    15 |    35 ||    96
       Potion            |       |     1 |       |       |     8 |    10 |     6 |     3 |    18 ||    46
 Stab: Sleeping          |    15 |    16 |    40 |    70 |    94 |   234 |   277 |   241 |   124 ||  1111
       Distracted        |       |     2 |     1 |     7 |    18 |    56 |    85 |   161 |   141 ||   471
       Confused          |       |       |     2 |     4 |     3 |     2 |     4 |    32 |    57 ||   104
       Invisible         |       |       |       |       |       |     2 |       |       |     4 ||     6
Armor: Robe              |    14 |    25 |    10 |    23 |    22 |    53 |    18 |    15 |    50 ||   230
Dodge: Dodged            |    72 |    96 |   102 |   314 |   299 |   735 |   386 |   794 |  2376 ||  5174
Block: Buckler           |       |       |       |       |       |   541 |   307 |   623 |  1732 ||  3203
       Reflection        |       |       |       |       |       |       |       |       |    11 ||    11

Table legend: (Time is in decaauts)
 A = Elapsed time spent in this place.
 B = Non-inter-level travel time spent in this place.
 C = Inter-level travel time spent in this place.
 D = Time resting spent in this place.
 E = Time spent auto-exploring this place.
 F = Levels seen in this place.
 G = Mean time per level.
                   A        B        C        D        E       F      G
               +--------+--------+--------+--------+--------+-----+--------+
         Total |  69927 |  64551 |   5376 |  10792 |  16097 |  82 |  852.8 |
       Dungeon |  14544 |  12651 |   1893 |   1922 |   6508 |  15 |  969.6 |
        Temple |     17 |     17 |      0 |      0 |      0 |   1 |   17.0 |
          Lair |   4672 |   3671 |   1001 |    158 |   2101 |   6 |  778.7 |
        Shoals |   2978 |   2938 |     40 |     44 |   1141 |   4 |  744.5 |
     Snake Pit |   5968 |   5513 |    455 |    990 |   1831 |   4 | 1492.0 |
    Slime Pits |   2518 |   2319 |    199 |    313 |    333 |   5 |  503.6 |
  Orcish Mines |   1143 |    961 |    182 |     14 |    407 |   2 |  571.5 |
   Elven Halls |   5387 |   4868 |    519 |   1184 |    479 |   3 | 1795.7 |
        Vaults |  11196 |  10311 |    885 |   1849 |   1254 |   5 | 2239.2 |
         Crypt |   2693 |   2640 |     53 |    232 |    660 |   3 |  897.7 |
        Depths |   8015 |   7886 |    129 |   2348 |    794 |   4 | 2003.8 |
          Hell |   1462 |   1446 |     16 |    254 |    229 |   1 | 1462.0 |
         Abyss |   1860 |   1860 |      0 |     27 |    175 |   5 |  372.0 |
   Pandemonium |   6143 |   6143 |      0 |   1180 |     28 |  20 |  307.1 |
        Bazaar |     62 |     62 |      0 |      0 |      0 |   1 |   62.0 |
         Trove |    136 |    136 |      0 |     72 |      0 |   1 |  136.0 |
        Bailey |    923 |    923 |      0 |    198 |    134 |   1 |  923.0 |
      Gauntlet |    203 |    203 |      0 |      0 |     16 |   1 |  203.0 |
               +--------+--------+--------+--------+--------+-----+--------+

Top non-repeatable levels by time:
Depths:1: 3318 daAuts
Vaults:4: 3003 daAuts
Vaults:5: 2600 daAuts
 Snake:4: 2504 daAuts
   Elf:3: 2136 daAuts
Vaults:1: 2116 daAuts
Depths:3: 2050 daAuts
   Elf:2: 1992 daAuts
 Snake:1: 1948 daAuts
Vaults:2: 1915 daAuts
Depths:2: 1837 daAuts
 Crypt:3: 1807 daAuts
    D:14: 1613 daAuts
    D:15: 1591 daAuts
Vaults:3: 1560 daAuts
